AoeStats
← 笙箫楠兮

Pilgrims

510261686Analyzed
4v4 RM · 8h ago on Sep 30, 2026· 47m 24s· 8 players
Game mode
Random Map
Map size
Large (8 player)
Population
200
Speed
Normal
Resources
Standard
Victory
Conquest
Starting age
Dark Age
Ending age
Imperial Age
RankedLock teamsTeams togetherTeam positionsShared explorationLock speedFull tech treeHidden civsTurbo modeCheats
Victory
Defeat
🇭🇰 Varangians · Hong Kong SAR China
985
+12
🇨🇳 Jurchens · China
914
+15
🇦🇷 Persians · Argentina
901
+16
🇭🇰 Armenians · Hong Kong SAR China
896
+16
🇨🇱 Varangians · Chile
953
-17
🇨🇴 Koreans · Colombia
904
-15
🇺🇸 Bohemians · United States
881
-14
🇨🇦 Persians · Canada
859
-13
DingZ
12:13 Feudal Age
12:37 Man-at-Arms
20:31 Forging
20:34 Double-Bit Axe
23:01 Castle Age
21:16 Horse Collar
21:31 Gold Mining
22:51 Bloodlines
22:54 Scale Barding Armor
23:17 Pikeman
23:20 Elite Skirmisher
27:26 Heavy Plow
27:42 Bow Saw
31:41 Stone Mining
33:41 Chain Barding Armor
34:55 Wheelbarrow
34:07 Light Cavalry
35:43 Hand Cart
35:37 Loom
40:49 Imperial Age
39:40 Iron Casting
42:25 Two-Man Saw
42:20 Fletching
43:49 Bodkin Arrow
45:06 Citadels
n2844522
5:51 Loom
18:12 Feudal Age
23:11 Castle Age
21:14 Fletching
21:50 Double-Bit Axe
24:52 Forging
24:43 Scale Mail Armor
24:54 Pikeman
29:05 Bodkin Arrow
30:12 Iron Casting
29:53 Chain Mail Armor
35:39 Imperial Age
38:16 Imperial Age
40:11 Bow Saw
41:12 Chemistry
41:34 Ballistics
45:39 Padded Archer Armor
andres7194
10:10 Loom
13:04 Feudal Age
14:25 Wheelbarrow
16:06 Double-Bit Axe
26:12 Castle Age
25:20 Horse Collar
28:35 Hand Cart
28:06 Town Watch
30:19 Scale Barding Armor
30:24 Forging
33:56 Fletching
34:44 Iron Casting
34:31 Chain Barding Armor
38:40 Imperial Age
36:08 Pikeman
38:25 Elite Skirmisher
39:51 Ballistics
40:11 Light Cavalry
45:04 Chemistry
44:27 Heavy Cavalry Archer
45:01 Fletching
Dannu
5:23 Loom
12:54 Feudal Age
13:45 Double-Bit Axe
13:51 Gold Mining
21:15 Castle Age
20:58 Stone Mining
22:11 Medium Warships
23:35 Bow Saw
27:27 Fishing Lines
29:01 Scale Mail Armor
29:12 Forging
28:49 Gambesons
29:04 Squires
28:50 Arson
30:35 Wheelbarrow
29:45 Town Watch
30:23 Chain Mail Armor
30:16 Horse Collar
31:50 Gillnets
34:38 Imperial Age
33:20 Heavy Plow
35:55 Plate Mail Armor
36:56 Two-Man Saw
36:29 Elite Varangian Guard
38:46 Iron Casting
39:24 Gothikon
40:24 Conscription
42:40 Hand Cart
42:27 Town Patrol
こちやさなえ
11:16 Feudal Age
17:17 Castle Age
16:13 Horse Collar
28:36 Forging
28:27 Scale Mail Armor
29:34 Wheelbarrow
30:36 Heavy Plow
32:27 Gold Mining
36:04 Imperial Age
35:35 Iron Casting
35:53 Chain Mail Armor
36:50 Elite Varangian Guard
38:55 Blast Furnace
38:25 Plate Mail Armor
38:32 Crop Rotation
38:49 Plate Mail Armor
38:39 Double-Bit Axe
42:30 Squires
42:16 Gambesons
44:44 Bow Saw
47:02 Conscription
笙箫楠兮
7:53 Loom
11:15 Feudal Age
18:45 Castle Age
16:28 Horse Collar
18:08 Double-Bit Axe
31:47 Wheelbarrow
31:59 Fortified Bastions
33:01 Hand Cart
34:34 Heavy Plow
34:48 Bow Saw
34:36 Town Watch
38:27 Imperial Age
36:44 Forging
36:44 Scale Barding Armor
37:17 Gold Mining
39:03 Gold Shaft Mining
38:19 Stone Mining
39:27 Iron Casting
39:12 Chain Barding Armor
40:42 Conscription
40:06 Elite Steppe Lancer
40:58 Bloodlines
41:46 Stone Shaft Mining
41:18 Caravan
41:40 Husbandry
43:51 Blast Furnace
yanbb0916
14:37 Feudal Age
15:57 Fishing Lines
16:27 Loom
17:46 Gold Mining
19:55 Stone Mining
19:52 Double-Bit Axe
22:55 Castle Age
26:17 Wheelbarrow
27:26 Bow Saw
27:52 Gold Shaft Mining
29:54 Imperial Age
27:48 Hand Cart
28:51 Town Watch
31:06 Conscription
33:45 Hoardings
33:17 Town Patrol
34:52 Fletching
35:02 Padded Archer Armor
37:08 Bodkin Arrow
37:28 Leather Archer Armor
37:38 Elite Composite Bowman
43:03 Bracer
43:18 Leather Archer Armor
44:16 Leather Archer Armor
44:28 Ballistics
43:49 Treadmill Crane
Sukhavati
11:57 Loom
19:24 Feudal Age
19:42 Fishing Lines
21:57 Double-Bit Axe
31:33 Castle Age
30:55 Horse Collar
32:52 Bow Saw
34:05 Wheelbarrow
33:16 Town Watch
35:06 Heavy Plow
35:22 Gillnets
38:48 Hand Cart
42:20 Town Patrol
47:24 Imperial Age
46:55 Bloodlines
46:46 Husbandry
Connection lost

Rejoining the realm…

Still unreachable

The connection could not be restored.

Session expired

The server has moved on; the page needs a fresh start.